 Dungeon Crawl Stone Soup version 0.31.0-11-ge490571c62 (webtiles) character file.

Game seed: 9104556481213557039

83 Aneyh the Slasher (level 4, 0/29 HPs)
             Began as a Tengu Monk on Feb 4, 2024.
             Incinerated by a bombardier beetle (2 damage)
             ... with a burning spray
             ... on level 4 of the Dungeon.
             The game lasted 00:02:52 (1678 turns).

Aneyh the Slasher (Tengu Monk)                      Turns: 1678, Time: 00:02:53

Health: 0/29       AC:  2    Str: 12    XL:     4   Next: 44%
Magic:  5/5        EV: 14    Int: 10    God:
Gold:   123        SH:  0    Dex: 18    Spells: 3/3 levels left

rFire   . . .        l - +0 hand axe (freeze)
rCold   . . .        (no shield)
rNeg    . . .        b - +0 robe
rPois   .            (helmet restricted)
rElec   .            (no cloak)
rCorr   .            (no gloves)
SInv    .            (boots unavailable)
Will    .....        (no amulet)
Stlth   +            (no ring)
HPRegen 0.24/turn    (no ring)
MPRegen 0.09/turn

%: acrobat
@: confused, on fire, ambrosia-drunk, glowing
A: beak, talons 3, acrobatic
a: no special abilities


You were on level 4 of the Dungeon.
You visited 1 branch of the dungeon, and saw 4 of its levels.

You collected 123 gold pieces.

Inventory:

Hand Weapons
 a - a +0 falchion
 l - a +0 hand axe of freezing (weapon)
Armour
 b - a +0 robe (worn)
 d - an orb of light
Wands
 o - a wand of paralysis (14)
Scrolls
 e - a scroll of enchant weapon {unknown}
 f - a scroll of noise {unknown}
 i - a scroll of torment {unknown}
 m - a scroll of fear {unknown}
 n - a scroll of butterflies {unknown}
 p - a scroll of amnesia {unknown}
Potions
 c - a potion of ambrosia
 g - a potion of heal wounds {unknown}
 h - a potion of haste {unknown}
 j - a potion of enlightenment {unknown}
 k - a potion of lignification {unknown}


   Skills:
 + Level 3.8 Fighting
 * Level 4.4 Long Blades
 - Level 4.0 Dodging


You had 3 spell levels left.
You didn't know any spells.
Your spell library was empty.

Dungeon Overview and Level Annotations

Branches:
Dungeon (4/15)
 Temple: D:4-7

Altars:
Ru

Shops:
D:1 (   D:4 *

Annotations:
D:2 1 runed translucent door, Crazy Yiuf


Innate Abilities, Weirdness & Mutations

You have a beak for a mouth.
You have claws for feet.
You can magically evade attacks while moving or waiting.


Message History

No target in view!
HP restored.
You open the door.
A bombardier beetle comes into view.
A bombardier beetle is nearby!
The bombardier beetle sprays incendiary fluid at you.
The burning spray hits you.
You are covered in liquid fire!
You shake off some of the fire as you move.
The liquid fire burns you!
You hit the bombardier beetle. You freeze the bombardier beetle.
You claw the bombardier beetle, but do no damage.
The bombardier beetle is lightly wounded.
The liquid fire burns you!
You barely miss the bombardier beetle. You peck the bombardier beetle.
The bombardier beetle is moderately wounded.
The liquid fire burns you! The bombardier beetle bites you.
You are too injured to fight recklessly!
Unknown command.
You shake off the liquid fire.
The bombardier beetle attacks as it pursues you!
The bombardier beetle misses you.
The bombardier beetle barely misses you.
You barely miss the bombardier beetle.
The bombardier beetle is lightly wounded.
The bombardier beetle sprays incendiary fluid at you.
The burning spray hits you.
You are covered in liquid fire!
You hit the bombardier beetle. You freeze the bombardier beetle.
You claw the bombardier beetle.
The bombardier beetle is heavily wounded.
The liquid fire burns you!
* * * LOW HITPOINT WARNING * * *
The bombardier beetle bites you.
* * * LOW HITPOINT WARNING * * *
You are confused.
You feel invigorated. The liquid fire burns you!
You die...

#....# #....#
###+#....###
#..........#
#..........+
#..........#
#..........#
#......B...#
..######@...#
#....# #....#
+....# #...)#
#....##+###
#....#
##+#......#
#....#
#..'......#
#....#
#..#......#
#....#
##+##......#


You could see a bombardier beetle.

Vanquished Creatures
  An adder (D:3)
  3 dart slugs
  5 orcs (D:3)
  4 endoplasms (D:1)
  13 goblins
  8 hobgoblins
  3 kobolds
  2 quokkas
  7 ball pythons
  4 bats
  3 frilled lizards
  2 rats (D:3)
55 creatures vanquished.

Notes
Turn   | Place    | Note
-------+----------+-------------------------------------------
     0 | D:1      | Aneyh the Tengu Monk began the quest for the Orb.
     0 | D:1      | Reached XP level 1. HP: 14/14 MP: 2/2
   141 | D:1      | Reached XP level 2. HP: 18/19 MP: 3/3
   505 | D:1      | Found Iqohunebb's Weapon Boutique.
   671 | D:2      | Reached XP level 3. HP: 20/23 MP: 4/4
   722 | D:2      | Found a runed translucent door.
   723 | D:2      | Noticed Crazy Yiuf
  1078 | D:3      | Found a sacrificial altar of Ru.
  1146 | D:3      | Reached XP level 4. HP: 25/29 MP: 5/5
  1449 | D:3      | Found a faded altar of an unknown god.
  1607 | D:4      | Found Laqyjela's General Store.
  1678 | D:4      | Incinerated by a bombardier beetle

Illustrated notes

Levels and vault maps discovered:
D:1:      wander_arrival_estate, layout_basic, serial_shops,
          nicolae_shop_bloodbath_and_beyond
D:2:      layout_loops_ring, guppyfry_early_orc_mine, uniq_crazy_yiuf_cottage
D:3:      cheibrodos_greedy_goblins, layout_basic, mainiacjoe_overflow_alcove_4,
          shapermc_ecumenical_altar_pompeii
D:4:      layout_gridville, serial_shops, nicolae_shop_behind_doors,
          uniq_natasha

Skill      XL: |  1  2  3 |
---------------+----------+-----
Dodging        | 4 |  4.0
Long Blades    | 4 |  4.4
Fighting       | |  3.8

Action                     |  1- 3 |  4- 6 || total
---------------------------+-------+-------++-------
  Melee: Falchion          |    58 |       ||    58
         Peck              |    10 |     1 ||    11
         Kick              |    14 |     8 ||    22
         Hand axe          |    12 |    33 ||    45
    Use: Potion            |       |     1 ||     1
   Stab: Sleeping          |     1 |       ||     1
 Armour: Robe              |    27 |    13 ||    40
  Dodge: Dodged            |    54 |    18 ||    72
